cohdb
Replays
Latest Replays
All Replays
Popular Replays
Top Player Replays
Match Explorer
How It Works
Community
CoH3 Stats
Reddit
Sign in to upload your games and track your stats! →
Sign in with Steam
Match 39707233
Unlisted
Match 39707233
Overview
Messages
Build Orders
End
Vickers Machine Gun Team
Selects Canadian Shock Battlegroup
Selects Canadian Shock Battlegroup
Vickers Machine Gun Team
Construct Section Command Post
Infantry Section
Infantry Section
Selects Attacking Spirit
Selects Canadian Shock Section
Canadian Shock Section
Construct Field Infirmary
Selects Incendiary Munitions
Grenade Package
Canadian Shock Section
Cmplord
DOGGI
Contact Mike
Lost
insane
Revolution
2war
DaRtH VaDeRX2020
0
0
Comments
sign in to comment!
No comments posted yet!